 Dungeon Crawl Stone Soup version 0.31.0-9-g3a7656b989 (webtiles) character file.

Game seed: 11615928555450510089

149 qw the Ducker (level 5, -5/26 HPs)
             Began as a Spriggan Hunter on Feb 2, 2024.
             Slain by an iguana (7 damage)
             ... on level 4 of the Dungeon.
             The game lasted 00:00:07 (2029 turns).

qw the Ducker (Spriggan Hunter)                     Turns: 2029, Time: 00:00:07

Health: -5/26      AC:  2    Str:  7    XL:     5   Next: 9%
Magic:  6/6        EV: 20    Int: 11    God:
Gold:   122        SH:  0    Dex: 20    Spells: 4/4 levels left

rFire   + . .        a - +0 shortbow
rCold   + . .        (shield currently unavailable)
rNeg    . . .        c - +0 robe
rPois   .            (helmet restricted)
rElec   .            (no cloak)
rCorr   .            (gloves unavailable)
SInv    +            (boots unavailable)
Will    .....        (no amulet)
Stlth   ++           g - ring of protection from cold
HPRegen 0.24/turn    e - ring of protection from fire
MPRegen 0.10/turn

%: no passive effects
@: about to teleport, very quick
A: very small, no large weapons, unfitting armour, see invisible, speed 3
a: no special abilities


You were on level 4 of the Dungeon.
You visited 1 branch of the dungeon, and saw 4 of its levels.

You collected 122 gold pieces.


Innate Abilities, Weirdness & Mutations

You are very small and have problems with some larger weapons.
You are too small for most types of armour.
You have supernaturally acute eyesight. (SInv)
You cover ground extremely quickly. (Speed+++)


   Skills:
 - Level 2.1 Fighting
 + Level 5.0 Ranged Weapons
 - Level 5.4 Dodging
 - Level 1.5 Stealth


You had 4 spell levels left.
You didn't know any spells.
Your spell library was empty.

Inventory:

Hand Weapons
 a - a +0 shortbow (weapon)
Armour
 c - a +0 robe (worn)
Jewellery
 e - a ring of protection from fire (right hand)
 f - a ring of ice
 g - a ring of protection from cold (left hand)
Scrolls
 l - a scroll of identify {unknown}
Potions
 b - a potion of might {unknown}
 d - a potion of enlightenment {unknown}
 h - a potion of resistance {unknown}
 j - a potion of brilliance {unknown}
 k - a potion of mutation {unknown}

Dungeon Overview and Level Annotations

Branches:
Dungeon (4/15)
 Temple: D:4-7

Altars:
Cheibriados
Kikubaaqudgha


Message History

A hobgoblin is nearby!
You shoot an arrow. The arrow hits the hobgoblin.
You kill the hobgoblin!
You now have 122 gold pieces (gained 9).
An iguana comes into view.
You shoot an arrow. The arrow barely misses the iguana.
The iguana hisses angrily.
You shoot an arrow. The arrow closely misses the iguana.
You shoot an arrow. The arrow hits the iguana.
The iguana is moderately wounded.
You shoot an arrow. The arrow hits the iguana.
The iguana is heavily wounded.
You shoot an arrow.
The arrow hits the iguana but does no damage.
The iguana is heavily wounded.
The iguana closely misses you.
You shoot an arrow. The arrow barely misses the iguana.
The iguana completely misses you. The iguana closely misses you.
You shoot an arrow. The arrow barely misses the iguana.
The iguana completely misses you.
You shoot an arrow. The arrow completely misses the iguana.
The iguana closely misses you.
You shoot an arrow.
The arrow hits the iguana but does no damage.
The iguana is moderately wounded.
The iguana bites you!
You shoot an arrow.
The arrow hits the iguana but does no damage.
The iguana is moderately wounded.
The iguana misses you.
You shoot an arrow.
The arrow hits the iguana but does no damage.
The iguana is moderately wounded.
The iguana bites you!
Ouch! That really hurt!
2029 ||| READING scroll of teleportation.
As you read the scroll of teleportation, it crumbles to dust.
You feel strangely unstable. The iguana bites you!
You die...

....#. ..#
#.#...###..#
........#..#
...........# #
..#........#.#
............
.......l#.# .
.......@..# .
.......%..>#
..##.####..#.# ..
..........#.#
#...##.##...##.##
..................
#...##.##%#.#..##.
#...... #.#.#..#
#...#..##.#.#..#


You could see an iguana.

Vanquished Creatures
  A bombardier beetle (D:4)
  A jelly (D:4)
  2 adders (D:2)
  4 dart slugs
  3 ribbon worms (D:2)
  3 endoplasms
  3 giant cockroaches
  6 hobgoblins
  5 jackals
  5 quokkas
  3 ball pythons
  7 bats
  A frilled lizard (D:1)
  4 goblins
  8 kobolds
56 creatures vanquished.

Notes
Turn   | Place    | Note
-------+----------+-------------------------------------------
     0 | D:1      | qw the Spriggan Hunter began the quest for the Orb.
     0 | D:1      | Reached XP level 1. HP: 10/10 MP: 2/2
     0 | D:1      | 0 ||| qw: Version: 0.3-a-155-g5e7d8dd
     0 | D:1      | 0 ||| qw: Game counter: 922
     0 | D:1      | 0 ||| qw: Melee chars always use a shield: true
     0 | D:1      | 0 ||| qw: God list: Okawaru
     0 | D:1      | 0 ||| qw: Allow faded altars: false
     0 | D:1      | 0 ||| qw: Do Orc after clearing Dungeon:15 true
     0 | D:1      | 0 ||| qw: Do second Lair branch before Depths: true
     0 | D:1      | 0 ||| qw: Lair rune preference: random
     0 | D:1      | 0 ||| qw: Goals: Normal
     0 | D:1      | 0 ||| PLANNING D:1-11
    19 | D:1      | Reached skill level 3 in Dodging
   157 | D:1      | Reached XP level 2. HP: 14/14 MP: 3/3
   535 | D:1      | 535 ||| UPGRADING to ring of protection from cold.
   536 | D:1      | 536 ||| READING 2 scrolls labelled MYUREPONIO.
   537 | D:1      | 537 ||| DROPPING scroll of butterflies.
   538 | D:1      | 538 ||| DROPPING scroll of revelation.
   604 | D:2      | Reached XP level 3. HP: 18/18 MP: 4/4
  1034 | D:2      | Reached XP level 4. HP: 22/22 MP: 5/5
  1211 | D:2      | 1211 ||| READING scroll labelled VAEMAH HYIHA.
  1212 | D:2      | 1212 ||| READING scroll labelled LUROZYRGH DOASOSHO.
  1213 | D:2      | 1213 ||| READING scroll labelled WOUNIPL NEAK.
  1214 | D:2      | 1214 ||| READING scroll labelled WUISTRICAMM.
  1219 | D:2      | 1219 ||| READING scroll labelled XEANOF DU SAK.
  1320 | D:3      | Found a snail-covered altar of Cheibriados.
  1583 | D:3      | Found an ancient bone altar of Kikubaaqudgha.
  1672 | D:3      | Found a faded altar of an unknown god.
  1849 | D:3      | 1849 ||| UPGRADING to ring of protection from fire.
  1864 | D:4      | 1864 ||| PLANNING OSSUARY
  1944 | D:4      | 1944 ||| FLEEEEING.
  1951 | D:4      | Reached XP level 5. HP: 12/26 MP: 6/6
  2028 | D:4      | HP: 2/26 [iguana (14)]
  2029 | D:4      | 2029 ||| READING scroll of teleportation.
  2029 | D:4      | Slain by an iguana

Levels and vault maps discovered:
D:1:      minmay_arrival_radiant_lines, layout_basic,
          minmay_misc_feat_more_columns, st_stairs_3
D:2:      layout_rooms, uniq_crazy_yiuf_cottage
D:3:      layout_basic, mainiacjoe_overflow_alcove_1, kennysheep_slug_shrine,
          hellmonk_ecumenical_altar_slurped_away
D:4:      layout_basic, nicolae_ossuary_entry_false_entrances,
          kennysheep_small_circle

Skill      XL: |  1  2  3  4 |
---------------+-------------+-----
Dodging        | 3 4 5 |  5.4
Ranged Weapons | 5 |  5.0
Fighting       | 2 |  2.1
Stealth        | |  1.5

Action                     |  1- 3 |  4- 6 || total
---------------------------+-------+-------++-------
   Fire: Shortbow          |   108 |    46 ||   154
    Use: Scroll            |     1 |     6 ||     7
 Armour: Robe              |    12 |     4 ||    16
  Dodge: Dodged            |    62 |     9 ||    71

Table legend:
 A = Non-vault XP
 B = Vault XP
 C = Vault XP percentage of total XP
 D = Non-vault monster count
 E = Vault monster count
 F = Vault count percentage of total count
                 A         B        C        D         E       F
            +---------+---------+-------+---------+---------+-------
      Total |     204 |       9 |   4.2 |      51 |       5 |   8.9
            +---------+---------+-------+---------+---------+-------
        D:1 |      24 |       3 |  11.1 |      15 |       3 |  16.7
        D:2 |      73 |       0 |   0.0 |      24 |       0 |   0.0
        D:3 |      19 |       6 |  24.0 |       8 |       2 |  20.0
        D:4 |      88 |       0 |   0.0 |       4 |       0 |   0.0
            +---------+---------+-------+---------+---------+-------
